 Dungeon Crawl Stone Soup version 0.19.1 (webtiles) character file.

702 Kriby the Chopper (level 7, 0/91 HPs)
             Began as a Minotaur Berserker on Dec 28, 2016.
             Was a Priest of Trog.
             Slain by a worker ant (6 damage)
             ... on level 5 of the Dungeon.
             The game lasted 00:19:14 (3714 turns).

Kriby the Chopper (Minotaur Berserker)              Turns: 3714, Time: 00:19:14

Health: 0/91       AC: 16    Str: 27    XL:     7   Next: 38%
Magic:  6/6        EV: 11    Int:  4    God:    Trog [***...]
Gold:   245        SH:  0    Dex: 11    Spells: 0 memorised, 6 levels left

rFire  . . .     SeeInvis .     e - -3 war axe (curse)
rCold  + . .     Gourm    .     i - +0 chain mail
rNeg   . . .     Faith    .     (no shield)
rPois  .         Spirit   .     (helmet restricted)
rElec  .         Reflect  .     b - +1 cloak
rCorr  .         Harm     .     (no gloves)
MR     .....                    (no boots)
Stlth  ..........               (no amulet)
                                p - ring of protection from cold
                                n - +4 ring of protection

@: berserking (expiring), lethally poisoned (0 -> -9), very quick
A: retaliatory headbutt, horns 2
a: Berserk, Trog's Hand, Burn Spellbooks, Renounce Religion


You were on level 5 of the Dungeon.
You worshipped Trog.
Trog was most pleased with you.
You were very hungry.

You visited 1 branch of the dungeon, and saw 5 of its levels.

You collected 245 gold pieces.

Inventory:

Hand Weapons
 a - a +0 hand axe
 e - a cursed -3 war axe (weapon)
 f - a +0 glaive
Armour
 b - a +1 cloak (worn)
 i - a +0 chain mail (worn)
Jewellery
 g - a +2 ring of intelligence
 n - a +4 ring of protection (left hand)
 p - a ring of protection from cold (right hand)
Wands
 r - a wand of slowing (11/48)
Scrolls
 d - a scroll of enchant armour
 h - a scroll of immolation
 m - 3 scrolls of identify
Potions
 o - a potion of ambrosia {unknown}
Comestibles
 c - 3 bread rations
 j - 2 meat rations
 k - 2 slices of pizza
 l - 7 fruits
 q - 11 chunks of flesh


   Skills:
 + Level 5.6 Fighting
 + Level 6.1 Axes
 + Level 5.2 Armour
 + Level 5.4 Dodging


You had 6 spell levels left.
You didn't know any spells.

Dungeon Overview and Level Annotations

Branches:
Dungeon (5/15)
 Temple: D:4-7

Altars:
Dithmenos
Ru
Sif Muna
Xom

Portals:
Sewer: D:5


Innate Abilities, Weirdness & Mutations

You reflexively headbutt those who attack you in melee.
You have a pair of horns on your head.


Message History

You closely miss the shadow imp.
* * * LOW HITPOINT WARNING * * *
You feel sick.
The shadow imp hits you but does no damage.
Your chain mail prevents you from hitting the gnoll.
You headbutt the gnoll!
You kill the gnoll!
Trog accepts your kill.
You barely miss the shadow imp.
* * * LOW HITPOINT WARNING * * *
You feel sick.
You slash the shadow imp!
You kill the shadow imp!
Trog accepts your kill.
* * * LOW HITPOINT WARNING * * *
You feel sick.
You barely miss the worker ant. Your headbutt misses the worker ant.
* * * LOW HITPOINT WARNING * * *
You feel sick. The worker ant bites you.
You die...

.# .# .# .# #.##
.#..... .#.#.#.
.#######.#.....
..............#
##.######)##+##..
...=..)a@.#Sss#..
...(..)##.#s≈≈#..
....... #.#≈∩≈#..
##..#.. #.#≈≈≈#.#
... #.. #.#≈≈≈#.#
.. #.# #.#####.#
. ##. #.......#
#..# #.#####.#
##...##.# .#


You could see a worker ant, an adder and 3 giant cockroaches.

Vanquished Creatures
  An orc warrior (D:4)
  2 scorpions
  2 jellies (D:5)
  A bullfrog skeleton (D:4)
  5 orc wizards
  Crazy Yiuf (D:2)
  A gnoll shaman (D:5)
  2 iguanas (D:4)
  4 adders
  3 gnolls (D:5)
  A shadow imp (D:5)
  An ooze (D:4)
  A worm (D:3)
  3 dart slugs (D:1)
  3 leopard geckos
  17 orcs
  7 bats
  5 giant cockroaches
  11 goblins
  A hobgoblin (D:3)
  7 jackals
  3 kobolds
  2 quokkas
  A ball python (D:4)
  6 frilled lizards
  8 rats
99 creatures vanquished.

Notes
Turn   | Place    | Note
-------+----------+-------------------------------------------
     0 | D:1      | Kriby the Minotaur Berserker began the quest for the Orb.
     0 | D:1      | Reached XP level 1. HP: 19/19 MP: 0/0
   142 | D:1      | Reached XP level 2. HP: 22/27 MP: 1/1
   738 | D:2      | Reached XP level 3. HP: 33/33 MP: 2/2
   813 | D:2      | Found a runed door.
   817 | D:2      | Noticed Crazy Yiuf
   826 | D:2      | Killed Crazy Yiuf
   826 | D:2      | Reached skill level 4 in Axes
  1029 | D:2      | Found a deep blue altar of Sif Muna.
  1133 | D:2      | Reached XP level 4. HP: 39/40 MP: 3/3
  1162 | D:2      | Found a shimmering altar of Xom.
  1201 | D:2      | Reached ** piety under Trog
  2154 | D:3      | Reached XP level 5. HP: 38/47 MP: 4/4
  2576 | D:4      | Found a sacrificial altar of Ru.
  2885 | D:4      | Reached skill level 5 in Axes
  2885 | D:4      | Reached XP level 6. HP: 46/55 MP: 5/5
  2894 | D:4      | Noticed an orc warrior
  2914 | D:4      | Killed an orc warrior
  2914 | D:4      | Reached skill level 5 in Fighting
  2914 | D:4      | Reached skill level 5 in Dodging
  3161 | D:4      | Found a shadowy altar of Dithmenos.
  3236 | D:4      | Reached *** piety under Trog
  3596 | D:5      | Entered Level 5 of the Dungeon
  3602 | D:5      | Reached XP level 7. HP: 53/61 MP: 6/6
  3673 | D:5      | Reached skill level 5 in Armour
  3686 | D:5      | Found a glowing drain.
  3709 | D:5      | Reached skill level 6 in Axes
  3714 | D:5      | Slain by a worker ant

Skill      XL: |  1  2  3  4  5  6  7 |
---------------+----------------------+-----
Dodging        | 3 4 5 |  5.4
Fighting       | 4 5 |  5.6
Axes           | 4 5 6 |  6.1
Armour         | 3 4 5 |  5.2

Action                   |  1- 3 |  4- 6 |  7- 9 || total
-------------------------+-------+-------+-------++-------
Melee: Hand axe          |    66 |   120 |       ||   186
       Headbutt          |     7 |    27 |     5 ||    39
       War axe           |       |    15 |    23 ||    38
Invok: Berserk           |     1 |     1 |     1 ||     3
       Trog's Hand       |       |     1 |       ||     1
  Use: Potion            |       |     5 |       ||     5
       Scroll            |       |     4 |       ||     4
  Eat: Chunk             |     2 |     9 |       ||    11
Armor: Animal skin       |    10 |       |       ||    10
       Scale mail        |    12 |    37 |       ||    49
       Skin              |       |    17 |       ||    17
       Chain mail        |       |     5 |    17 ||    22
Dodge: Dodged            |    40 |    76 |     9 ||   125
